 Dungeon Crawl Stone Soup version 0.19-a0-1107-gc676ff4 (webtiles) character file.

98 4thArraOfDagon the Vexing (level 4, 0/41 HPs)
             Began as a Troll Arcane Marksman on Aug 9, 2016.
             Shot with a stone by a goblin (2 damage)
             ... led by Robin
             ... on level 4 of the Dungeon.
             The game lasted 00:02:23 (691 turns).

4thArraOfDagon the Vexing (Troll Arcane Marksman)    Turns: 691, Time: 00:02:24

Health: 0/41       AC:  5    Str: 19    XL:     4   Next: 43%
Magic:  4/4        EV: 10    Int: 10    God:
Gold:   61         SH:  0    Dex:  9    Spells: 1 memorised, 4 levels left

rFire  . . .     SeeInvis .       - Unarmed
rCold  . . .     Gourm    +     a - +0 robe
rNeg   . . .     Faith    .     (no shield)
rPois  .         Spirit   .     (helmet restricted)
rElec  .         Dismiss  .     (no cloak)
rCorr  .         Reflect  .     (gloves unavailable)
SustAt .         Harm     .     (boots unavailable)
MR     .....                    (no amulet)
Stlth  +.........               (no ring)
                                (no ring)

@: fainting
A: unfitting armour, claws 3, fast metabolism 3, gourmand, regeneration 2,
shaggy fur 1, tough skin 2
a: no special abilities


You were on level 4 of the Dungeon.
You were fainting.

You visited 1 branch of the dungeon, and saw 4 of its levels.

You collected 61 gold pieces.

Inventory:

Missiles
 c - 4 large rocks (quivered)
 d - 2 throwing nets
Armour
 a - a +0 robe (worn)
Scrolls
 e - 2 scrolls of fog {unknown}
 j - a scroll of noise {unknown}
 l - a scroll of teleportation {unknown}
 m - a scroll of identify {unknown}
 n - 2 scrolls of remove curse {unknown}
 o - a scroll of recharging {unknown}
 p - a scroll of amnesia {unknown}
Potions
 g - a potion of flight {unknown}
 h - 2 potions of might {unknown}
 i - 2 potions of curing {unknown}
 k - 2 potions of magic {unknown}
 q - a potion of mutation {unknown}
 r - 2 potions of haste {unknown}
Books
 b - a book of Debilitation

   Spells                             Type                      Level
   a - Corona                         Hexes                        1
   b - Slow                           Hexes                        2
   c - Gell's Gravitas                Hexes/Translocation          3
   d - Inner Flame                    Hexes/Fire                   3
   e - Cause Fear                     Hexes                        4
   f - Leda's Liquefaction            Hexes/Earth                  4
Comestibles
 f - 5 bread rations
 s - a meat ration


   Skills:
 + Level 1.2 Fighting
 + Level 1.9 Throwing
 + Level 2.4 Dodging
 + Level 0.1 Stealth
 + Level 1.2 Unarmed Combat
 + Level 1.2 Spellcasting
 + Level 2.6 Hexes


You had 4 spell levels left.
You knew the following spells:

 Your Spells              Type           Power        Failure   Level  Hunger
a - Corona                Hex            #......      14%         1    ##.....


Dungeon Overview and Level Annotations

Branches:
Dungeon (4/15)
 Temple: D:4-7

Altars:
Ru

Annotations:
D:4 4thArraOfDagon's ghost, amateur TrAM; Natasha; Robin


Innate Abilities, Weirdness & Mutations

You are too large for most types of armour.
You have claws for hands.
Your metabolism is lightning-fast.
You like to eat raw meat.
You heal very quickly.
You are covered in fur. (AC +1)
You have very tough skin. (AC +2)


Message History

Natasha mumbles some strange words. 4thArraOfDagon's ghost hits you!
* * * LOW HITPOINT WARNING * * *
Robin throws the goblin at you!
You barely miss the goblin.
The goblin shouts!
The goblin misses you. 4thArraOfDagon's ghost hits you but does no damage.
Unknown command.
You miss the goblin.
The goblin barely misses you. 4thArraOfDagon's ghost hits you.
* * * LOW HITPOINT WARNING * * *
Unknown command.
Unknown command.
Unknown command.
You are fainting from starvation!
The goblin closely misses you. The goblin misses you.
The goblin wields a hunting sling.
The goblin shoots a stone.
The stone hits you.
You die...

........................#
........##5##..#.##.....###
........##.##..#..#.#+#...#
>.....$...............+...#
#.####.##5##..##.#.#.#...#
#.ssh5......#.#.#...#
.#######W###.####.#......
.......gg................
#####ggg@###.##.#<.......
#.gg.# #.##.#........


+.ggg+ .. #.#....[... #.gg.###. #.#........ #..g.# ## #.########. #....# #.. ##
#....# ####+#### # ###+## #.......# # #.......# # You could see a scorpion,
Robin, Natasha, 4thArraOfDagon's ghost, 2 crimson imps, a white imp, a hobgoblin
and 11 goblins.

Vanquished Creatures
  A centaur skeleton (D:4)
  Natasha (D:4)
  An adder (D:3)
  A dart slug (D:1)
  7 orcs
  2 giant cockroaches (D:1)
  A hobgoblin (D:2)
  A kobold (D:1)
  A quokka (D:2)
  4 bats
  4 giant newts
  A goblin (D:1)
  2 rats (D:1)
27 creatures vanquished.

Notes
Turn   | Place    | Note
-------+----------+-------------------------------------------
     0 | D:1      | 4thArraOfDagon the Troll Arcane Marksman began the quest for the Orb.
     0 | D:1      | Reached XP level 1. HP: 18/18 MP: 1/1
   164 | D:1      | Reached XP level 2. HP: 26/26 MP: 2/2
   269 | D:3      | Reached XP level 3. HP: 32/32 MP: 3/3
   311 | D:3      | Found a sacrificial altar of Ru.
   392 | D:4      | Reached skill level 1 in Fighting
   392 | D:4      | Reached skill level 1 in Unarmed Combat
   392 | D:4      | Reached XP level 4. HP: 19/41 MP: 4/4
   469 | D:4      | Noticed Natasha
   478 | D:4      | Killed Natasha
   488 | D:4      | Noticed 4thArraOfDagon's ghost (amateur TrAM)
   629 | D:4      | HP: 2/41 [4thArraOfDagon's ghost (12)]
   668 | D:4      | Noticed Natasha
   688 | D:4      | Noticed Robin
   690 | D:4      | HP: 2/41 [4thArraOfDagon's ghost (3)]
   691 | D:4      | Shot with a stone by a goblin

Vault maps used:
D:1:      evilmike_arrival_fibonacci_small
D:2:      nicolae_qazlal_eye_of_the_storm, first_bread
D:3:      lemuel_coloured_pillars_altar, ashenzari_conservatory_becter,
          uniq_grinder
D:4:      uniq_robin, uniq_sigmund, uniq_natasha

Skill      XL: |  1  2  3 |
---------------+----------+-----
Dodging        | 2 |  2.4
Fighting       | 1 |  1.2
Unarmed Combat | 1 |  1.2
Throwing       | |  1.9
Stealth        | |  0.1
Spellcasting   | |  1.2
Hexes          | |  2.6

Action                   |  1- 3 |  4- 6 || total
-------------------------+-------+-------++-------
Melee: Unarmed           |    84 |    12 ||    96
  Eat: Chunk             |     1 |       ||     1
Armor: Robe              |    33 |     7 ||    40
Dodge: Dodged            |    36 |    16 ||    52
